 Dungeon Crawl Stone Soup version 0.30-b1-2-g02819fbbbe (webtiles) character file.

Game seed: 14325229206661845780

(classic levelgen) 886 EnegeticOcto the Chopper (level 7, -6/93 HPs)
             Began as a Minotaur Fighter on May 8, 2023.
             Was an Initiate of Cheibriados.
             Mangled by a killer bee (7 damage)
             ... on level 5 of the Dungeon.
             The game lasted 00:01:41 (4037 turns).

EnegeticOcto the Chopper (Minotaur Fighter)         Turns: 4037, Time: 00:01:41

Health: -6/93      AC: 23    Str: 23    XL:     7   Next: 76%
Magic:  6/6        EV:  2    Int:  6    God:    Cheibriados [......]
Gold:   258        SH:  5    Dex: 11    Spells: 6/6 levels left

rFire   . . .        a - +0 war axe
rCold   . . .        c - +0 buckler
rNeg    + . .        y - melded +0 chain mail
rPois   +            (helmet currently unavailable)
rElec   .            (cloak currently unavailable)
rCorr   .            (gloves currently unavailable)
SInv    .            (boots currently unavailable)
Will    .....        (no amulet)
Stlth   +            s - ring of positive energy
HPRegen 0.35/turn    (no ring)
MPRegen 0.10/turn

%: random rage (3%)
@: lethally poisoned (-6 -> -20), tree-form, very slow
A: stationary, stasis, torment immunity, boosted hp, (horns 2), (retaliatory
headbutt), berserk 1
a: Renounce Religion


You were on level 5 of the Dungeon.
You worshipped Cheibriados.
Cheibriados was noncommittal.
You were a tree.
You visited 1 branch of the dungeon, and saw 5 of its levels.

You collected 258 gold pieces.

Inventory:

Hand Weapons
 a - a +0 war axe (weapon)
Missiles
 B - 2 throwing nets (quivered)
Armour
 c - a +0 buckler (worn)
 y - a +0 chain mail (melded)
   (You took it off Ijyb on level 3 of the Dungeon)
Jewellery
 k - a ring of wizardry
   (You found it on level 2 of the Dungeon)
 s - a ring of positive energy (left branch)
   (You found it on level 3 of the Dungeon)
 z - a ring of see invisible
   (You found it on level 4 of the Dungeon)
Wands
 q - a wand of flame (12) {@v4}
   (You found it on level 3 of the Dungeon)
 x - a wand of mindburst (23)
   (You took it off Ijyb on level 3 of the Dungeon)
Scrolls
 b - a scroll of fog {unknown}
 g - a scroll of blinking {unknown}
 h - 2 scrolls of teleportation {unknown}
 i - a scroll of enchant weapon {unknown}
 j - 2 scrolls of magic mapping {unknown}
 l - 3 scrolls of identify {unknown}
 m - 2 scrolls of amnesia {unknown}
 n - a scroll of summoning {unknown}
 r - a scroll of poison {unknown}
 v - 2 scrolls of immolation {unknown}
 w - a scroll of torment {unknown}
 C - a scroll of brand weapon {unknown}
Potions
 d - a potion of might {@q3}
 e - a potion of resistance {unknown}
 f - a potion of curing {unknown}
 o - 3 potions of invisibility {unknown}
 p - a potion of ambrosia {unknown}
 t - a potion of lignification
 u - 2 potions of mutation
 A - a potion of degeneration {unknown}


   Skills:
 + Level 5.9 Fighting
 * Level 7.1 Axes
 + Level 6.0 Armour
 + Level 6.0 Shields


You had 6 spell levels left.
You didn't know any spells.
Your spell library was empty.

Dungeon Overview and Level Annotations

Branches:
Dungeon (5/15)             Temple (0/1) D:5

Altars:
Cheibriados
Xom


Innate Abilities, Weirdness & Mutations

You are a tree.
Your roots penetrate the ground, keeping you stationary.
You cannot be teleported.
You are immune to unholy pain and torment.
Your maximum health is greatly increased.
Your equipment is partially melded.
((You have a pair of horns on your head.))
((You reflexively headbutt those who attack you in melee.))
You sometimes lose your temper in combat.


Message History

A killer bee comes into view.
The gnoll hits you from afar with a +0 spear!
A killer bee and a wyvern come into view.
The killer bee buzzes angrily. x2; The wyvern hisses angrily.
You hear an angry buzzing noise.
A killer bee comes into view.
You block the gnoll's attack. The killer bee stings you.
You slash the killer bee! Your headbutt misses the killer bee.
The killer bee is heavily wounded.
You hit the gnoll.
The killer bee stings you but does no damage.
The killer bee barely misses you. You furiously retaliate!
You headbutt the killer bee!
You kill the killer bee!
Cheibriados thoroughly appreciates the change of pace.
Your Axes skill increases to level 7!
You hit the gnoll. Your headbutt misses the gnoll.
The gnoll is moderately wounded.
You barely miss the killer bee. You block the killer bee's attack.
The gnoll hits you with a +0 spear. You block the killer bee's attack.
You hit the gnoll.
The gnoll is severely wounded.
You miss the killer bee. You closely miss the gnoll.
You block the killer bee's attack. The killer bee stings you.
You are poisoned.
The killer bee poisons you! The gnoll closely misses you.
The gnoll hits you but does no damage. The gnoll hits you with a +0 spear.
The gnoll hits you with a +0 flail!
You slash the gnoll!
You kill the gnoll!
Cheibriados appreciates the change of pace.
You slash the gnoll! You closely miss the killer bee.
You feel sick.
The killer bee stings you but does no damage.
You block the killer bee's attack. The killer bee barely misses you.
The gnoll hits you but does no damage.
Your Armour skill increases to level 6!
Your Shields skill increases to level 6!
You slash the gnoll!
You kill the gnoll!
Cheibriados thoroughly appreciates the change of pace.
You hit the killer bee. You miss the killer bee.
You feel sick. The killer bee stings you!
You are more poisoned.
The killer bee poisons you! The killer bee stings you.
You are more poisoned.
The killer bee poisons you! The killer bee barely misses you.
The killer bee stings you but does no damage. x2
You are too injured to fight recklessly!
You are too injured to fight recklessly!
You are too injured to fight recklessly!
You are too injured to fight recklessly!
You are too injured to fight recklessly!
You are too injured to fight recklessly!
You are too injured to fight recklessly!
You are too injured to fight recklessly!
You are too injured to fight recklessly!
You are too injured to fight recklessly!
You are too injured to fight recklessly!
You are too injured to fight recklessly!
You barely miss the killer bee. You headbutt the killer bee!
The killer bee is moderately wounded.
You miss the killer bee. x2; You hit the black bear.
You feel very sick. You block the killer bee's attack.
The killer bee barely misses you. You block the killer bee's attack.
The killer bee stings you but does no damage. x3
The black bear bites you but does no damage.
The black bear claws you.
* * * LOW HITPOINT WARNING * * *
The black bear barely misses you.
The killer bee stings you but does no damage.
The killer bee stings you.
* * * LOW HITPOINT WARNING * * *
You are more poisoned.
The killer bee poisons you!
The killer bee stings you but does no damage.
It was a potion of lignification.
You turn into a tree.
Your +0 chain mail melds into your body.
Your roots penetrate the ground.
* * * LOW HITPOINT WARNING * * *
You feel very sick.
The killer bee stings you but does no damage.
You block the killer bee's attack. The killer bee stings you.
* * * LOW HITPOINT WARNING * * *
The black bear bites you.
* * * LOW HITPOINT WARNING * * *
The black bear claws you but does no damage. x2
The killer bee stings you.
* * * LOW HITPOINT WARNING * * *
The killer bee stings you but does no damage.
The killer bee stings you.
* * * LOW HITPOINT WARNING * * *
It was a potion of mutation.
You feel extremely strange.
You feel a little pissed off.
* * * LOW HITPOINT WARNING * * *
You feel very sick.
The killer bee stings you but does no damage.
The killer bee stings you!
You die...

##...##.#.)......
#8...8#..........
##...##......####
#...##..........
##.).##......####
#8...8#......#
####.).##......#
.#8###8##...##+####.####
.....ly♣....# # #.....
......yyh...⌠# ..##.....
.......g....## ......<..
.#8###8##...# .........
# ## #...# .##....#
8...8# #.##.. #...## #
### ...# ######


You could see a black bear, a wyvern, 3 killer bees and a gnoll.

Vanquished Creatures
  Grinder (D:3)
  A water moccasin (D:5)
  An ogre (D:5)
  A phantom (D:4)
  A killer bee (D:5)
  A jelly (D:4)
  A hound (D:5)
  A gnoll bouda (D:5)
  Terence (D:3)
  Ijyb (D:3)
  An orc wizard (D:5)
  Robin (D:3)
  7 gnolls
  4 adders
  A white imp (D:5)
  A worm (D:3)
  A dart slug (D:4)
  4 orcs
  9 bats
  7 endoplasms
  5 giant cockroaches
  12 hobgoblins
  2 quokkas
  7 ball pythons
  3 frilled lizards
  14 goblins
  9 kobolds
  5 rats
103 creatures vanquished.

Notes
Turn   | Place    | Note
-------+----------+-------------------------------------------
     0 | D:1      | EnegeticOcto the Minotaur Fighter began the quest for the
                  | Orb.
     0 | D:1      | Reached XP level 1. HP: 19/19 MP: 0/0
    83 | D:1      | Reached XP level 2. HP: 27/27 MP: 1/1
   151 | D:1      | Reached skill level 3 in Axes
   312 | D:1      | Reached XP level 3. HP: 18/33 MP: 2/2
  1721 | D:3      | Noticed Robin
  1729 | D:3      | Killed Robin
  1730 | D:3      | Reached XP level 4. HP: 39/40 MP: 3/3
  1862 | D:3      | Reached skill level 4 in Axes
  1927 | D:3      | Noticed Grinder
  1935 | D:3      | Killed Grinder
  1936 | D:3      | Reached skill level 5 in Axes
  1936 | D:3      | Reached XP level 5. HP: 38/47 MP: 4/4
  1936 | D:3      | Reached XP level 6. HP: 44/55 MP: 5/5
  2028 | D:3      | Found a shimmering altar of Xom.
  2295 | D:3      | Noticed Terence
  2301 | D:3      | Killed Terence
  2302 | D:3      | Reached skill level 5 in Armour
  2457 | D:3      | Reached skill level 5 in Shields
  2653 | D:3      | Noticed Ijyb
  2662 | D:3      | Killed Ijyb
  2663 | D:3      | Reached skill level 5 in Fighting
  3058 | D:4      | Reached skill level 6 in Axes
  3427 | D:5      | Entered Level 5 of the Dungeon
  3447 | D:5      | Found a snail-covered altar of Cheibriados.
  3454 | D:5      | Reached XP level 7. HP: 44/61 MP: 6/6
  3456 | D:5      | Became a worshipper of Cheibriados the Contemplative
  3715 | D:5      | Found a staircase to the Ecumenical Temple.
  4029 | D:5      | Noticed a wyvern
  4031 | D:5      | Reached skill level 7 in Axes
  4036 | D:5      | HP: 4/93 [killer bee (2)]
  4037 | D:5      | Gained mutation: You sometimes lose your temper in combat.
                  | [potion of mutation]
  4037 | D:5      | HP: 1/93 [poisoned by a killer bee]
  4037 | D:5      | Mangled by a killer bee

Illustrated notes

Levels and vault maps discovered:
D:1:      psy_arrival_terrarium, layout_basic, minmay_pentomino_p2
D:2:      layout_loops_corners, grunt_decor_one_mirror,
          chequers_serial_rivers_room_a
D:3:      minmay_spotlight, layout_basic, mainiacjoe_overflow_alcove_1,
          uniq_robin, uniq_grinder, uniq_terence, uniq_ijyb
D:4:      layout_loops_ring, moated_statue
D:5:      layout_basic, cheibriados_altar_1, minmay_temple_entry_wispy,
          serial_corexii_hall, corexii_hall_statues_t, corexii_hall_statues_i

Skill      XL: |  1  2  3  4  5  6  7 |
---------------+----------------------+-----
Axes           | 3 5 6 7 |  7.1
Shields        | 4 5 6 |  6.0
Fighting       | 4 5 |  5.9
Armour         | 4 5 6 |  6.0

Action                     |  1- 3 |  4- 6 |  7- 9 || total
---------------------------+-------+-------+-------++-------
  Melee: War axe           |    85 |   106 |    43 ||   234
         Headbutt          |     6 |    17 |     8 ||    31
    Use: Potion            |       |       |     2 ||     2
 Armour: Scale mail        |    30 |    25 |       ||    55
         Chain mail        |       |    17 |    37 ||    54
         Skin              |       |       |     5 ||     5
  Dodge: Dodged            |    37 |    37 |    24 ||    98
  Block: Buckler           |    24 |    20 |    13 ||    57
